 Dungeon Crawl Stone Soup version 0.31-a0-150-g89dc3ad700 (webtiles) character file.

Game seed: 3786603523623539902

9 iguanaiguana the Sneak (level 2, 0/26 HPs)
             Began as a Meteoran Delver on June 9, 2023.
             Slain by a gnoll
             ... wielding a +0 spear
              (4 damage)
             ... on level 6 of the Dungeon.
             The game lasted 00:02:15 (231 turns).

iguanaiguana the Sneak (Meteoran Delver)             Turns: 231, Time: 00:02:16

Health: 0/26       AC:  3    Str: 13    XL:     2   Next: 41%
Magic:  3/3        EV: 12    Int: 11    God:
Gold:   37         SH:  0    Dex: 15    Spells: 1/1 levels left

rFire   . . .        a - +0 short sword
rCold   . . .        (no shield)
rNeg    . . .        b - +0 leather armour
rPois   .            (no helmet)
rElec   .            (no cloak)
rCorr   .            (no gloves)
SInv    .            (no boots)
Will    .....        (no amulet)
Stlth   +            (no ring)
HPRegen 0.24/turn    (no ring)
MPRegen 0.08/turn

%: no passive effects
@: hasted, glowing, very quick
A: sense surroundings 1, otherworldly, glowing, explore regen
a: no special abilities


You were on level 6 of the Dungeon.
You visited 1 branch of the dungeon, and saw 2 of its levels.

You collected 37 gold pieces.

Inventory:

Hand Weapons
 a - a +0 short sword (weapon)
Armour
 b - a +0 leather armour (worn)
Wands
 g - a wand of digging (3) {@v3}
Scrolls
 c - a scroll of fog
 d - a scroll of magic mapping {@r5}
 e - 2 scrolls of fear


   Skills:
 - Level 3.4 Fighting
 - Level 2.4 Short Blades
 - Level 2.7 Dodging
 - Level 3.8 Stealth
 + Level 0.0 Necromancy


You had one spell level left.
You didn't know any spells.
Your spell library contained the following spells:

 Spells                   Type           Power      Damage    Failure   Level
 Animate Dead             Necr           0%         N/A       99%         4
 Haunt                    Necr/Summ      0%         N/A       100%        7
 Infestation              Necr           0%         N/A       100%        8


Dungeon Overview and Level Annotations

Branches:
Dungeon (6/15) Zot: 970
 Temple: D:4-7

Altars:


Innate Abilities, Weirdness & Mutations

You passively map a small area around you.
You are easily found by Zot.
You glow in the dark.
You regain HP and MP as you explore.


Message History

The ufetubus hits you.
You hit the ufetubus but do no damage.
The ufetubus is heavily wounded.
You hit the ufetubus but do no damage.
The ufetubus is heavily wounded.
The ufetubus hits you.
You hit the ufetubus but do no damage.
The ufetubus is heavily wounded.
The ufetubus hits you.
You hit the ufetubus but do no damage.
The ufetubus is heavily wounded.
The ufetubus hits you.
You closely miss the ufetubus.
The ufetubus is heavily wounded.
The ufetubus hits you. x2
You hit the ufetubus but do no damage.
The ufetubus is heavily wounded.
You hit the ufetubus.
The ufetubus is almost dead.
The ufetubus hits you.
* * * LOW HITPOINT WARNING * * *
You closely miss the ufetubus.
The ufetubus is almost dead.
The ufetubus hits you.
* * * LOW HITPOINT WARNING * * *
You miss the ufetubus.
The ufetubus is almost dead.
The ufetubus hits you.
* * * LOW HITPOINT WARNING * * *
You completely miss the ufetubus.
The ufetubus is severely wounded.
The ufetubus hits you.
* * * LOW HITPOINT WARNING * * *
The gnoll hits you from afar with a +0 spear.
* * * LOW HITPOINT WARNING * * *
Okay, then.
You feel yourself speed up. The ufetubus hits you.
* * * LOW HITPOINT WARNING * * *
The gnoll hits you from afar with a +0 spear.
You die...

##..#)##
####...###.#...#.## #...##
#.#....## #....... ##..#
##......# #........ ,
#*#### ###########. ....# #
, , ...........##...## #
*,,, ..#...#...#.#...# * #_
,................### , # *
..#...#...#........, # , ,
.......@5g.......).,
####### ###########...#...,
......## #.............# *
.......###.............#,,,
...##.<.#....##............
,
..#####......##............
..# ##.......#............
, .## #......##............
* .# *##.....#.............


You could see a gnoll and an ufetubus.

Vanquished Creatures
  A gnoll (D:6)
1 creature vanquished.

Notes
Turn   | Place    | Note
-------+----------+-------------------------------------------
     0 | D:5      | iguanaiguana the Meteoran Delver began the quest for the
                  | Orb.
     0 | D:5      | Reached XP level 1. HP: 19/19 MP: 2/2
    26 | D:6      | Noticed a gnoll sergeant
   118 | D:6      | Reached XP level 2. HP: 3/26 MP: 3/3
   231 | D:6      | Slain by a gnoll

Illustrated notes

Levels and vault maps discovered:
D:5:      layout_basic, mainiacjoe_overflow_alcove_4
D:6:      layout_layer_cave, lemuel_coloured_pillars_altar,
          nicolae_dithmenos_through_a_glass_darkly, uniq_sigmund

Action                     || total
---------------------------++-------
  Melee: Short sword       ||    24
    Use: Potion            ||     1
 Armour: Leather armour    ||    10
  Dodge: Dodged            ||    17

Table legend: (Time is in decaauts)
 A = Elapsed time spent in this place.
 B = Non-inter-level travel time spent in this place.
 C = Inter-level travel time spent in this place.
 D = Time resting spent in this place.
 E = Time spent auto-exploring this place.
 F = Levels seen in this place.
 G = Mean time per level.
                   A        B        C        D        E       F      G
               +--------+--------+--------+--------+--------+-----+--------+
         Total |    228 |    228 |      0 |      0 |      0 |   2 |  114.0 |
       Dungeon |    228 |    228 |      0 |      0 |      0 |   2 |  114.0 |
               +--------+--------+--------+--------+--------+-----+--------+

Top non-repeatable levels by time:
     D:6: 227 daAuts
     D:5: 1 daAuts
